 Dungeon Crawl Stone Soup version 0.18.1-48-g4cf74bf (webtiles) character file.

9918 MistressOfTheDunes the Martial Artist (level 11, -2/87 HPs)
             Began as a Mummy Monk on June 25, 2016.
             Slain by a spiny frog (15 damage)
             ... on level 9 of the Dungeon.
             The game lasted 00:46:08 (23075 turns).

MistressOfTheDunes the Martial Artist (Mummy Monk) Turns: 23075, Time: 00:46:09

Health: -2/87      AC:  9    Str: 14    XL:     11   Next: 29%
Magic:  11/11      EV: 19    Int:  9    God:
Gold:   260        SH:  6    Dex: 19    Spells: 0 memorised, 10 levels left

rFire  . . .     SeeInvis .       - Unarmed
rCold  . . .     Gourm    .     (no armour)
rNeg   + + +     Faith    .     q - +0 buckler
rPois  ∞         Spirit   .     (no helmet)
rElec  .         Dismiss  .     f - +2 cloak
rCorr  .         Reflect  .     l - +2 pair of gloves
SustAt .         Harm     .     h - +2 pair of boots
MR     +....                    (no amulet)
Stlth  +++.......               (no ring)
                                k - ring of fire

@: somewhat resistant to hostile enchantments, fairly stealthy
A: no food or potions, fire vulnerability, cold resistance 1, negative energy
resistance 3, torment resistance, unbreathing
a: no special abilities


You were on level 9 of the Dungeon.
You were not hungry.

You visited 2 branches of the dungeon, and saw 12 of its levels.

You collected 668 gold pieces.
You spent 408 gold pieces at shops.


Innate Abilities, Weirdness & Mutations

You do not eat or drink.
Your flesh is vulnerable to fire.
You are immune to poison.
Your flesh is cold resistant.
You are immune to negative energy.
You are immune to unholy pain and torment.
You can survive without breathing.


   Skills:
 + Level 8.9 Fighting
 - Level 8.3 Dodging
 - Level 5.7 Stealth
 - Level 4.0 Shields
 - Level 9.1 Unarmed Combat


You had 10 spell levels left.
You didn't know any spells.

Inventory:

Missiles
 n - 50 poisoned needles
 x - 5 large rocks (quivered) {=f}
Armour
 f - a +2 cloak (worn)
 h - a +2 pair of boots (worn)
 l - a +2 pair of gloves (worn)
 q - a +0 buckler (worn)
Jewellery
 k - a ring of fire (left hand)
 p - an uncursed ring of ice
 y - an uncursed amulet of magic regeneration {unknown}
Scrolls
 a - a scroll of fear
 b - 2 scrolls of enchant weapon
 c - 3 scrolls of noise {!r}
 d - 3 scrolls of immolation {!r}
 e - 3 scrolls of magic mapping
 g - 3 scrolls of remove curse
 i - 3 scrolls of teleportation {@r4}
 j - 2 scrolls of amnesia
 m - 2 scrolls of recharging
 o - 3 scrolls of random uselessness
 r - 2 scrolls of fog
 s - a scroll of blinking
 t - a scroll of vulnerability {!r}
 u - a scroll of silence {!r}
 v - a scroll of brand weapon {unknown}
 z - 3 scrolls of torment {unknown}
Comestibles
 w - a royal jelly {Mark of Royalty}

Dungeon Overview and Level Annotations

Branches:
Dungeon (10/15)            Temple (0/1) D:4            Lair (2/8) D:9
    Orc: D:9-12

Altars:
Ashenzari
Dithmenos
Fedhas
Nemelex Xobeh
Pakellas
Ru
Sif Muna
Vehumet

Shops:
D:6 (   D:7 ?

Annotations:
D:6 5 exclusions, Blork the orc
D:8 exclusions: downstairs, gargoyle and 2 more exclusions
D:9 exclusions: orc warrior and 5 more exclusions, Psyche
Lair:1 !8 legs, exclusions: komodo dragon and spiny frog
Lair:2 exclusion: spiny frog, spiff's ghost, journeyman HaAM

....▒..▒▒▒▒.▒▒.▒▒▒▒......▒.....▒▒
....▒..▒..▒..▒...................
.▒..▒..▒..▒..▒...................
.▒..▒..▒..▒..▒▒▒▒.▒▒...▒▒▒▒..▒▒▒▒
.▒..▒..▒..▒.....▒..▒...▒..▒..▒...
.▒..▒▒▒▒........▒..▒...▒..▒..▒...
.▒.....▒...(.▒..▒▒▒▒..▒▒..▒..▒...
.▒.....▒.....▒...o.)).▒..........
.▒..▒▒▒▒..▒..▒..MF.[..▒..........
▒▒▒▒▒..▒..▒..▒▒▒▒▒▒...▒▒▒▒▒▒▒▒...
(......▒..▒.......▒...▒..▒...▒▒▒▒
....▒..▒..▒▒▒▒....▒...▒..▒...▒...
....▒.....▒..▒▒▒▒▒▒▒▒▒▒.▒▒...▒...
....▒.....▒..........▒..▒.÷......
▒▒▒▒▒.)...▒▒▒▒.......▒..▒........
....▒▒▒▒.....▒....▒▒.▒▒.▒▒...▒▒▒▒
.............▒.....▒..▒.......▒..


You could see a spiny frog and an orc.


Message History

The spiny frog is heavily wounded!
You block the orc's attack! You block the spiny frog's attack!
You beat the spiny frog into a bloody pulp!
The spiny frog is heavily wounded!
The spiny frog stings you!!! * * * don't die
* * * The orc misses you!
You closely miss the spiny frog!
The spiny frog is heavily wounded!
The spiny frog stings you!!! * * * don't die
* * * The orc closely misses you!
You beat the spiny frog but do no damage!
The spiny frog is heavily wounded!
The spiny frog closely misses you! You block the orc's attack!
You beat the spiny frog into a bloody pulp!!!
The spiny frog is severely wounded!
The spiny frog misses you!
You barely miss the spiny frog!
The spiny frog is severely wounded!
The orc hits you with a hand axe! * * * don't die
* * * The spiny frog closely misses you!
You closely miss the spiny frog!
The spiny frog is severely wounded!
The spiny frog completely misses you! The orc barely misses you!
You barely miss the spiny frog!
The spiny frog is severely wounded!
The spiny frog stings you!!! rip

Action                   |  1- 3 |  4- 6 |  7- 9 | 10-12 || total
-------------------------+-------+-------+-------+-------++-------
Melee: Unarmed           |   156 |   395 |   798 |   696 ||  2045
       Punch             |     2 |    12 |     8 |       ||    22
  Use: Scroll            |       |       |    15 |     5 ||    20
 Stab: Sleeping          |     5 |     7 |     9 |     3 ||    24
       Distracted        |       |     1 |     3 |     1 ||     5
Armor: Skin              |       |    49 |   130 |   106 ||   285
Dodge: Dodged            |   101 |   248 |   415 |   491 ||  1255
Block: Buckler           |       |       |    71 |   172 ||   243

Vault maps used:
D:1:      dpeg_arrival_ratfight
D:2:      first_bread
D:3:      minmay_bisected, uniq_iyjb, uniq_crazy_yiuf_cottage, uniq_jessica
D:4:      corexii_shantytown, minitemple, minmay_temple_entry_large_hall,
          uniq_grinder, uniq_menkaure, uniq_eustachio
D:5:      wad_river_or_something, nemelex_deck
D:6:      serial_shops, shop, uniq_blork_the_orc
D:7:      serial_shops, nicolae_shop_stone
D:8:      grunt_temple_overflow_open
D:9:      lair_0_dummy, uniq_grum, uniq_psyche
D:10:     uniq_erolcha
Lair:2:   serial_bayou_shore_b, bh_autumn_forest_stairs

Notes
Turn   | Place    | Note
--------------------------------------------------------------
     0 | D:1      | MistressOfTheDunes the Mummy Monk began the quest for the Orb.
     0 | D:1      | Reached XP level 1. HP: 18/18 MP: 1/1
   330 | D:1      | Reached XP level 2. HP: 22/24 MP: 2/2
   702 | D:1      | Reached skill level 4 in Unarmed Combat
   924 | D:1      | Reached XP level 3. HP: 27/29 MP: 3/3
  2268 | D:2      | Reached XP level 4. HP: 26/35 MP: 4/4
  3247 | D:2      | Reached skill level 5 in Unarmed Combat
  3261 | D:3      | Noticed Ijyb
  3284 | D:2      | Killed Ijyb
  3430 | D:3      | Reached XP level 5. HP: 33/41 MP: 5/5
  3487 | D:2      | Reached skill level 4 in Fighting
  3647 | D:3      | Noticed xylonsteve's ghost (amateur SpWr)
  4154 | D:3      | Noticed Jessica
  4162 | D:3      | Killed Jessica
  4465 | D:3      | Noticed Crazy Yiuf
  4598 | D:4      | Noticed Eustachio
  4702 | D:4      | Killed Eustachio
  4702 | D:4      | Reached skill level 5 in Fighting
  4702 | D:4      | Reached XP level 6. HP: 39/52 MP: 6/6
  4894 | D:4      | Noticed Grinder
  4966 | D:4      | Found a staircase to the Ecumenical Temple.
  4983 | D:4      | Reached skill level 6 in Fighting
  5661 | D:4      | Reached skill level 3 in Dodging
  5709 | D:4      | Found a radiant altar of Vehumet.
  5804 | D:4      | Noticed Menkaure
  5854 | D:5      | Entered Level 5 of the Dungeon
  5891 | D:5      | Found a sparkling altar of Nemelex Xobeh.
  5921 | D:4      | Reached XP level 7. HP: 28/58 MP: 7/7
  6704 | D:4      | Noticed Aquadorian's ghost (amateur OpAs)
  6758 | D:4      | Killed Aquadorian's ghost
  6758 | D:4      | Reached skill level 4 in Dodging
  6827 | D:4      | HP: 4/58 [phantom (10)]
  7152 | D:4      | Paralysed by Grinder for 2 turns
  7170 | D:4      | Paralysed by Grinder for 7 turns
  7178 | D:4      | Killed Grinder
  7178 | D:4      | Reached skill level 5 in Dodging
  7178 | D:4      | Reached XP level 8. HP: 24/64 MP: 8/8
  7705 | D:3      | Killed Crazy Yiuf
  8441 | D:3      | Killed xylonsteve's ghost
  8894 | D:3      | Reached skill level 6 in Unarmed Combat
  9200 | D:5      | Reached skill level 6 in Dodging
  9734 | D:5      | Reached skill level 1 in Shields
  9946 | D:5      | Reached skill level 2 in Shields
 10016 | D:5      | Reached skill level 3 in Shields
 10789 | D:5      | Reached XP level 9. HP: 66/69 MP: 9/9
 11046 | D:6      | Reached skill level 4 in Shields
 11171 | D:6      | Found Ymohat's Antique Weapon Emporium.
 11288 | D:6      | Reached skill level 7 in Unarmed Combat
 11306 | D:6      | Noticed Blork the orc
 12078 | D:4      | Found a staircase to the Ecumenical Temple.
 12207 | D:4      | Killed Menkaure
 12394 | D:4      | Found a radiant altar of Vehumet.
 12670 | D:4      | Found a shattered altar of Ashenzari.
 12671 | D:4      | Found a deep blue altar of Sif Muna.
 12746 | D:7      | Found Lugod's Magic Scroll Boutique.
 12784 | D:7      | Reached skill level 8 in Unarmed Combat
 12801 | D:7      | Bought a scroll of enchant armour for 90 gold pieces
 12801 | D:7      | Bought a scroll of enchant armour for 90 gold pieces
 12801 | D:7      | Bought a scroll of identify for 24 gold pieces
 12801 | D:7      | Bought a scroll of identify for 24 gold pieces
 12801 | D:7      | Bought a scroll of identify for 24 gold pieces
 12801 | D:7      | Bought a scroll of enchant armour for 90 gold pieces
 13558 | D:8      | Found an oddly glowing altar of Pakellas.
 13558 | D:8      | Found a sacrificial altar of Ru.
 13558 | D:8      | Found a blossoming altar of Fedhas.
 13558 | D:8      | Found a shadowy altar of Dithmenos.
 13610 | D:8      | Reached skill level 7 in Fighting
 13833 | D:8      | Noticed a gargoyle
 13834 | D:8      | that's not that OOD
 14319 | D:8      | Reached skill level 8 in Fighting
 14351 | D:7      | Bought a scroll of identify for 24 gold pieces
 14351 | D:7      | Bought a scroll of fear for 42 gold pieces
 14635 | D:8      | Reached XP level 10. HP: 67/82 MP: 10/10
 14909 | D:9      | Noticed Psyche
 15037 | D:9      | Noticed a cyclops
 15139 | D:8      | Killed a cyclops
 15139 | D:8      | Reached skill level 7 in Dodging
 15815 | D:9      | Found a staircase to the Lair.
 16266 | D:9      | Noticed Grum
 16281 | D:9      | Killed Grum
 16281 | D:9      | Reached skill level 8 in Dodging
 17350 | Lair:1   | Entered Level 1 of the Lair of Beasts
 17459 | Lair:1   | Noticed a spiny frog
 17725 | Lair:1   | Noticed a spiny frog
 18104 | Lair:1   | Noticed a spiny frog
 18163 | Lair:1   | Noticed an eight-headed hydra
 18228 | Lair:2   | Noticed a spiny frog
 18245 | Lair:2   | Killed a spiny frog
 18245 | Lair:2   | Reached skill level 9 in Unarmed Combat
 18451 | Lair:2   | Reached skill level 2 in Stealth
 18484 | Lair:2   | Noticed a spiny frog
 18636 | Lair:2   | Reached skill level 3 in Stealth
 19088 | Lair:2   | Noticed a spiny frog
 19183 | Lair:2   | Killed a spiny frog
 19183 | Lair:2   | Reached XP level 11. HP: 26/87 MP: 11/11
 19477 | Lair:2   | Noticed spiff's ghost (journeyman HaAM)
 19480 | Lair:2   | Reached skill level 4 in Stealth
 20785 | D:8      | Reached skill level 5 in Stealth
 21163 | Lair:1   | wasteful
 21756 | D:9      | HP: 8/87 [sheep (6)]
 22090 | D:10     | Entered Level 10 of the Dungeon
 23075 | D:9      | Slain by a spiny frog

Vanquished Creatures
  A cyclops (D:8)
  A black mamba (Lair:2)
  3 spiny frogs
  A troll (D:8)
  Grinder (D:4)
  A two-headed ogre (D:9)
  4 yaks
  Eustachio (D:4)
  5 hippogriffs
  A basilisk (Lair:1)
  Grum (D:9)
  Menkaure (D:4)
  The ghost of Aquadorian the Cutter, an amateur OpAs (D:4)
  4 water moccasins
  The ghost of xylonsteve the Grasshopper, an amateur SpWr of Okawaru (D:3)
  3 porcupines
  5 ice beasts
  An orc warrior (D:9)
  A sky beast (D:8)
  A wasp (D:8)
  2 phantoms
  3 wolves (D:9)
  A centaur (D:8)
  7 ogres
  3 crocodiles
  A gnoll sergeant (D:5)
  6 giant frogs
  A scorpion (D:7)
  2 howler monkeys
  8 crimson imps
  4 hounds
  A jelly (D:7)
  A quasit (D:9)
  7 orc wizards
  9 orc priests
  2 centaur skeletons
  6 iguanas
  Crazy Yiuf (D:3)
  Jessica (D:3)
  2 giant frog skeletons
  Ijyb (D:2)
  13 worker ants
  A killer bee zombie (D:5)
  13 sheep
  A hound skeleton (D:5)
  10 gnolls
  10 adders
  6 river rats (Lair:2)
  7 shadow imps
  3 oozes
  3 worms
  2 dart slugs
  8 giant geckos
  39 orcs
  8 bats
  6 giant cockroaches
  19 goblins
  16 hobgoblins
  15 jackals
  21 kobolds
  10 quokkas
  3 ball pythons
  A ball python skeleton (D:5)
  9 giant newts
  A jackal skeleton (D:5)
  A quokka zombie (D:4)
  17 rats
350 creatures vanquished.

Vanquished Creatures (others)
  A fungus (Lair:2)
  2 plants
3 creatures vanquished.

Grand Total: 353 creatures vanquished
